 Dungeon Crawl Stone Soup version 0.28.0-53-g5a82cb258f (webtiles) character file.

Game seed: 13828172262213859689

23 Revguard the Slasher (level 2, 0/22 HPs)
             Began as a Demonspawn Gladiator on July 28, 2022.
             Slain by a worm (7 damage)
             ... on level 2 of the Dungeon.
             The game lasted 00:02:42 (800 turns).

Revguard the Slasher (Demonspawn Gladiator)          Turns: 800, Time: 00:02:43

Health: 0/22       AC:  4    Str: 14    XL:     2   Next: 75%
Magic:  2/2        EV: 12    Int: 11    God:
Gold:   29         SH:  0    Dex: 14    Spells: 1/1 levels left

rFire   . . .      SeeInvis +   j - +0 great sword
rCold   . . .      Faith    .   (shield currently unavailable)
rNeg    . . .      Spirit   .   b - +0 leather armour
rPois   .          Reflect  .   c - +0 helmet
rElec   .          Harm     .   (no cloak)
rCorr   .          Rampage  .   (no gloves)
Will    .....                   (no boots)
Stlth   +.........              (no amulet)
HPRegen 0.07/turn               f - ring of see invisible
MPRegen 0.08/turn               (no ring)

@: no status effects
A: big brain 1
a: no special abilities


You were on level 2 of the Dungeon.
You visited 1 branch of the dungeon, and saw 2 of its levels.

You collected 29 gold pieces.

Inventory:

Hand Weapons
 a - a +0 long sword
 j - a +0 great sword (weapon)
Missiles
 d - 3 throwing nets (quivered)
Armour
 b - a +0 leather armour (worn)
 c - a +0 helmet (worn)
Jewellery
 f - a ring of see invisible (left hand)
Scrolls
 e - a scroll of identify {unknown}
 i - a scroll of enchant weapon {unknown}
 k - a scroll of teleportation {unknown}
Potions
 g - a potion of lignification {unknown}
 h - a potion of curing {unknown}


   Skills:
 + Level 2.1 Fighting
 * Level 3.0 Long Blades
 - Level 1.7 Throwing
 * Level 0.8 Armour
 + Level 2.8 Dodging
 + Level 0.1 Spellcasting
 + Level 0.2 Fire Magic
 + Level 0.7 Invocations
 - Level 0.5 Evocations


You had one spell level left.
You didn't know any spells.
Your spell library was empty.

Dungeon Overview and Level Annotations

Branches:
Dungeon (2/15)

Altars:


Innate Abilities, Weirdness & Mutations

You have an unusually large brain. (Int +2)


Message History

You hit the ball python.
You kill the ball python!
There is an open door here.
HP restored.
You open the door.
Found a helmet.
There is an open door here.
Found a scroll labelled JELAQU ZIUXT.
Found a stone staircase leading up.
k - a scroll labelled JELAQU ZIUXT
Found a leather armour.
You open the door.
A worm and a goblin come into view.
The goblin shouts!
You hear an angry hiss.
An adder comes into view.
There is an open door here.
There is an open door here.
The adder barely misses you.
You closely miss the adder. The adder bites you.
You are poisoned.
The adder poisons you! The adder closely misses you.
You slash the adder!
You kill the adder!
You feel sick. The goblin misses you.
You hit the goblin.
The goblin is heavily wounded.
You feel sick. The goblin hits you with a +0 club. x2
You hit the goblin but do no damage.
The goblin is heavily wounded.
You feel sick. The goblin hits you with a +0 club.
You hit the goblin.
You kill the goblin!
You feel sick.
You are no longer poisoned.
Your Long Blades skill increases to level 3!
Okay, then.
You hit the worm.
The worm is lightly wounded.
The worm bites you!
You die...

#.######.# #... #........#
#.## #.#####..# #... ##+#
#....##..###### ##...#
#.##.##.[...... #.....#
#.##.##.####### .......##
##.##.##.# ##
........####........######.
........'w@...............[
........####...#.#########.
.......## ##.##.# ##
#.....# #.....# # #.....
#.##### # #.#+## #.# # #
#.# # #.# # #.#


You could see a worm.

Vanquished Creatures
  An adder (D:2)
  A bat (D:1)
  A giant cockroach (D:1)
  2 goblins
  2 kobolds (D:1)
  A quokka (D:1)
  4 ball pythons
  A rat (D:1)
13 creatures vanquished.

Vanquished Creatures (others)
  2 plants (D:2)
2 creatures vanquished.

Grand Total: 15 creatures vanquished

Notes
Turn   | Place    | Note
-------+----------+-------------------------------------------
     0 | D:1      | Revguard the Demonspawn Gladiator began the quest for the
                  | Orb.
     0 | D:1      | Reached XP level 1. HP: 16/16 MP: 1/1
   436 | D:1      | Gained mutation: You have an unusually large brain. (Int
                  | +2) [demonic ancestry]
   436 | D:1      | Reached XP level 2. HP: 22/22 MP: 2/2
   800 | D:2      | Reached skill level 3 in Long Blades
   800 | D:2      | Slain by a worm

Illustrated notes

Levels and vault maps discovered:
D:1:      kilobyte_arrival_exit_the_forest, layout_rooms
D:2:      wad_river_or_something, layout_loops_corners, serial_bayou_lake_a

Skill      XL: |  1  2 |
---------------+-------+-----
Long Blades    | 3 |  3.0
Fighting       | |  2.1
Throwing       | |  1.7
Armour         | |  0.8
Dodging        | |  2.8
Spellcasting   | |  0.1
Fire Magic     | |  0.2
Invocations    | |  0.7
Evocations     | |  0.5

Action                   || total
-------------------------++-------
Melee: Long sword        ||    21
       Great sword       ||    13
Armor: Leather armour    ||    15
Dodge: Dodged            ||    32
